 Dungeon Crawl Stone Soup version 0.25.1-1-g288607f5aa (webtiles) character file.

Game seed: 9114862340378558776

203 Elvor the Skirmisher (level 5, -3/47 HPs)
             Began as a Minotaur Fighter on July 24, 2020.
             Slain by an ogre
             ... wielding a +0 giant club
              (23 damage)
             ... on level 4 of the Dungeon.
             The game lasted 00:17:03 (1723 turns).

Elvor the Skirmisher (Minotaur Fighter)             Turns: 1723, Time: 00:17:04

Health: -3/47      AC:  8    Str: 28    XL:     5   Next: 51%
Magic:  4/4        EV:  6    Int:  5    God:
Gold:   175        SH: 15    Dex:  9    Spells: 4/4 levels left

rFire    . . .     SeeInvis .   a - +0 war axe
rCold    . . .     Gourm    .   r - +0 tower shield
rNeg     . . .     Faith    .   b - +0 scale mail
rPois    .         Spirit   .   (helmet restricted)
rElec    .         Reflect  .   (no cloak)
rCorr    .         Harm     .   (no gloves)
MR       .....                  n - +0 pair of boots
Stlth    +.........             (no amulet)
HPRegen  0.15/turn              k - +6 ring of strength
MPRegen  0.09/turn              q - ring of stealth

@: no status effects
A: retaliatory headbutt, horns 2
a: no special abilities


You were on level 4 of the Dungeon.
You were not hungry.

You visited 1 branch of the dungeon, and saw 4 of its levels.

You collected 175 gold pieces.

Inventory:

Hand Weapons
 a - a +0 war axe (weapon)
Missiles
 o - 3 boomerangs (quivered)
Armour
 b - a +0 scale mail (worn)
 c - a +0 kite shield
 n - a +0 pair of boots (worn)
 r - a +0 tower shield (worn)
Jewellery
 k - a +6 ring of strength (left hand)
 l - an uncursed ring of flight
 q - a ring of stealth (right hand)
Scrolls
 e - a scroll of fear {unknown}
 h - 2 scrolls of noise
 i - 4 scrolls of identify
 m - a scroll of remove curse {unknown}
 p - a scroll of teleportation {unknown}
Potions
 d - 2 potions of might
 j - 3 potions of curing
Comestibles
 f - 9 rations
 g - a chunk of flesh


   Skills:
 * Level 4.9 Fighting
 + Level 4.5 Axes
 + Level 4.5 Armour
 + Level 1.0 Dodging
 * Level 4.6 Shields


You had 4 spell levels left.
You didn't know any spells.
Your spell library was empty.

Dungeon Overview and Level Annotations

Branches:
Dungeon (4/15)
 Temple: D:4-7

Altars:
Hepliaklqana


Innate Abilities, Weirdness & Mutations

You reflexively headbutt those who attack you in melee.
You have a pair of horns on your head.


Message History

The ogre is moderately wounded.
Throwing (i - inventory)
o - 3 boomerangs (quivered)
Press: ? - help, Shift-Dir - straight line, f/p - ogre
Aim: an ogre, wielding a +0 giant club (lightly wounded)
You throw a boomerang. The boomerang hits the ogre.
The ogre is moderately wounded.
You hit the ogre.
The ogre is heavily wounded.
You block the ogre's attack.
You hit the ogre.
The ogre is heavily wounded.
The ogre hits you with a +0 giant club!!
The ogre hits you with a +0 giant club!
You slash the ogre! You headbutt the ogre.
The ogre is almost dead.
You block the ogre's attack.
You closely miss the ogre.
The ogre is almost dead.
The ogre hits you with a +0 giant club!!
You die...

############
#.........<#
#.##########
#.# #.# #.#
#.# #.# #@#
#O# #?# #.#
#.# #.# #.#
#.#


You could see an ogre.

Vanquished Creatures
  9 adders
  4 worms
  A dart slug (D:3)
  4 leopard geckos
  3 orcs
  A ball python (D:2)
  12 bats
  7 giant cockroaches
  10 goblins
  9 hobgoblins
  15 jackals
  2 quokkas
  2 frilled lizards
  9 kobolds
  10 rats
98 creatures vanquished.

Notes
Turn   | Place    | Note
-------+----------+-------------------------------------------
     0 | D:1      | Elvor the Minotaur Fighter began the quest for the Orb.
     0 | D:1      | Reached XP level 1. HP: 19/19 MP: 0/0
    93 | D:1      | Reached XP level 2. HP: 20/27 MP: 1/1
   279 | D:1      | Reached XP level 3. HP: 27/33 MP: 2/2
   586 | D:1      | Reached XP level 4. HP: 36/41 MP: 3/3
  1023 | D:2      | Found a hazy altar of Hepliaklqana.
  1164 | D:2      | Reached XP level 5. HP: 46/47 MP: 4/4
  1173 | D:3      | Reached skill level 1 in Dodging
  1715 | D:4      | Noticed an ogre
  1723 | D:4      | Slain by an ogre

Illustrated notes

Levels and vault maps discovered:
D:1:      dpeg_arrival_water_altar, layout_rooms, hex_large, serial_bayou_pond_c
D:2:      layout_basic, lemuel_crystal_altar
D:3:      layout_rooms, first_ration
D:4:      layout_basic, temple_statues

Skill      XL: |  1  2  3  4  5 |
---------------+----------------+-----
Fighting       | 4 |  4.9
Shields        | 4 |  4.6
Axes           | 3 4 |  4.5
Armour         | 4 |  4.5
Dodging        | 1 |  1.0

Action                   |  1- 3 |  4- 6 || total
-------------------------+-------+-------++-------
Melee: War axe           |   113 |   105 ||   218
       Headbutt          |    23 |    17 ||    40
Throw: Boomerang         |       |    12 ||    12
  Use: Scroll            |       |     2 ||     2
  Eat: Chunk             |       |     3 ||     3
Armor: Scale mail        |    53 |    44 ||    97
Dodge: Dodged            |    40 |    31 ||    71
Block: Kite shield       |    68 |    48 ||   116
       Tower shield      |       |    12 ||    12
